Map: Oceanborn LE

Players

Aerisky

  • Race: Protoss Protoss
  • League: Diamond
  • Spawn Location: 11:00

SubN - Winner!

  • Race: Zerg Zerg
  • League: Diamond
  • Spawn Location: 5:00

VOD

Have the link to the VOD?

Description

Time

  • Played on: Dec. 22, 2023, 11:45 p.m.
  • Length: 8:04
Show
View Real Time Build Order
Export as new Build Order

Aerisky Protoss 

Build Orders: 1 Gate Expand 

Get SALT Encoding   

  12  0:00  Probe  
  13  0:12  Probe  
  14  0:20  Pylon  
  14  0:24  Probe  
  15  0:38  Probe (Chrono Boost)  
  15  0:40  Gateway  
  16  0:47  Assimilator  
  17  0:50  Probe (Chrono Boost)  
  17  1:06  Probe  
  17  1:18  Probe  
  18  1:30  Probe  
  19  1:37  Nexus  
  19  1:40  Cybernetics Core  
  19  1:49  Pylon  
  19  1:50  Probe, Assimilator  
  20  2:02  Probe  
  21  2:13  Adept (Chrono Boost)  
  21  2:17  Warp Gate  
  21  2:18  Probe  
  24  2:30  Probe  
  25  2:37  Adept (Chrono Boost)  
  25  2:43  Probe  
  28  2:54  Gateway, Probe, Twilight Council  
  28  2:57  Probe  
  30  3:02  Stalker  
  32  3:06  Probe  
  32  3:08  Robotics Facility  
  31  3:20  Probe  
  33  3:28  Resonating Glaives (Chrono Boost)  
  33  3:32  Probe  
  33  3:33  Probe  
  34  3:44  Probe  
  34  3:46  Gateway  
  34  3:47  Gateway  
  35  3:53  Probe  
  35  3:54  Warp Prism (Chrono Boost)  
  38  4:07  Adept x2  
  38  4:08  Probe x2  
  44  4:11  Pylon  
  44  4:20  Probe x2  
  46  4:30  Assimilator  
  46  4:31  Adept x2  
  48  4:32  Assimilator  
  48  4:35  Probe  
  48  4:36  Dark Shrine  
  51  4:56  Probe  
  51  4:57  Probe  
  53  5:09  Probe  
  53  5:12  Pylon  
  54  5:14  Pylon  
  54  5:16  Charge (Chrono Boost)  
  54  5:18  Pylon  
  54  5:30  Probe x2  
  54  5:33  Adept x3  
  62  5:36  Adept  
  62  5:37  Nexus  
  62  5:41  Pylon  
  62  5:42  Probe  
  63  6:06  Dark Templar x2  
  65  6:25  Probe x2  
  63  6:28  Immortal (Chrono Boost)  
  59  6:37  Probe x2  
  61  6:53  Probe x3  
  64  6:54  Stalker x4  
  70  7:04  Gateway  
  70  7:05  Gateway  
  68  7:17  Stalker x4  
  68  7:41  Stalker x4  
Show
View Real Time Build Order
Export as new Build Order

SubN Zerg - Winner!

Build Orders: Hatch First 

Get SALT Encoding   

  12  0:00  Drone  
  13  0:12  Overlord  
  13  0:19  Drone  
  14  0:30  Drone x2  
  16  0:59  Drone  
  16  1:00  Drone  
  18  1:07  Hatchery  
  18  1:08  Extractor  
  16  1:11  Spawning Pool  
  16  1:17  Drone  
  16  1:19  Drone  
  16  1:23  Drone  
  18  1:31  Drone  
  19  1:43  Drone  
  20  1:57  Overlord  
  20  2:11  Queen  
  20  2:14  Metabolic Boost  
  22  2:17  Drone x2  
  22  2:18  Queen  
  22  2:21  Drone  
  27  2:25  Drone  
  28  2:34  Drone  
  29  2:38  Drone  
  29  2:42  Drone  
  31  2:51  Zergling x2  
  32  2:53  Drone  
  32  2:54  Queen  
  35  3:14  Spine Crawler  
  35  3:22  Drone  
  35  3:23  Overlord  
  35  3:25  Overlord  
  35  3:27  Overlord  
  36  3:40  Hatchery  
  35  3:44  Drone x5  
  35  3:48  Drone x2  
  42  4:06  Drone  
  42  4:07  Extractor  
  42  4:09  Drone x3  
  45  4:10  Extractor  
  44  4:18  Drone  
  44  4:21  Extractor  
  44  4:24  Overlord  
  44  4:30  Roach Warren  
  43  4:32  Drone x5  
  43  4:35  Drone  
  49  4:38  Drone x3  
  49  4:39  Drone  
  49  4:43  Queen  
  49  4:45  Overlord  
  55  4:49  Baneling Nest  
  55  4:51  Drone  
  55  4:52  Drone x2  
  57  4:59  Evolution Chamber  
  56  5:00  Evolution Chamber  
  56  5:02  Drone  
  56  5:03  Lair  
  56  5:05  Drone x4  
  56  5:06  Queen  
  62  5:13  Drone  
  63  5:18  Queen  
  65  5:26  Roach x5  
  65  5:27  Roach  
  76  5:32  Roach x2  
  76  5:33  Roach  
  82  5:38  Zerg Missile Weapons Level 1  
  82  5:44  Overlord  
  82  5:45  Overlord x3  
  82  5:52  Queen  
  80  5:58  Roach  
  82  6:07  Roach  
  82  6:08  Roach x7  
  82  6:09  Roach x2  
  83  6:35  Overseer  
  83  6:41  Roach  
  83  6:42  Roach x9  
  87  7:02  Roach x7  
  99  7:16  Roach  
  99  7:17  Roach x3  
  103  7:26  Roach  
Tags
 
Add a new tag
Caveats
  • Supply blocks, unpowered buildings, or Contaminate may cause inaccurate times.
  • Supply counts are checked every 10 seconds.